Map: Nightshade LE

Players

MooEsqoo

  • Race: Protoss Protoss
  • Spawn Location: 5:00

A.I. 1 (Elite) - Winner!

  • Race: Terran Terran
  • Spawn Location: 11:00

VOD

Have the link to the VOD?

Description

Time

  • Played on: Jan. 13, 2020, 9:14 a.m.
  • Length: 4:21
Show
View Real Time Build Order
Export as new Build Order

MooEsqoo Protoss 

Build Orders: 1 Gate Expand 

Get SALT Encoding   

  12  0:03  Probe  
  13  0:16  Pylon  
  13  0:37  Gateway  
  13  0:38  Probe (Chrono Boost)  
  13  0:41  Assimilator  
  15  0:50  Probe (Chrono Boost)  
  15  0:55  Probe (Chrono Boost)  
  16  1:07  Probe  
  17  1:27  Nexus  
  17  1:40  Cybernetics Core  
  17  1:42  Probe  
  18  1:54  Probe  
  19  2:06  Probe  
  20  2:14  Stalker (Chrono Boost)  
  20  2:18  Probe  
  23  2:32  Assimilator  
  23  2:38  Stalker (Chrono Boost), Pylon  
  23  2:41  Warp Gate (Chrono Boost)  
  25  2:52  Probe x2  
  27  3:04  Probe x2  
  29  3:09  Gateway  
  29  3:12  Stargate  
  29  3:14  Gateway  
  29  3:16  Probe x2  
  29  3:19  Sentry  
  33  3:28  Probe x2  
  35  3:40  Probe x2  
  37  3:52  Twilight Council, Probe x2  
Show
View Real Time Build Order
Export as new Build Order

A.I. 1 (Elite) Terran - Winner!

Build Orders:  

Get SALT Encoding   

  12  0:00  SCV  
  13  0:13  SCV  
  14  0:18  Supply Depot  
  14  0:25  SCV  
  15  0:40  SCV  
  15  0:42  Barracks  
  16  0:45  Refinery  
  16  0:52  SCV  
  17  1:01  Barracks  
  17  1:04  SCV  
  18  1:16  SCV  
  19  1:29  Orbital Command  
  19  1:31  Marine  
  20  1:41  Barracks  
  20  1:47  Marine  
  20  1:48  Marine  
  22  1:58  Supply Depot  
  22  1:59  SCV  
  23  2:05  Barracks Tech Lab  
  23  2:07  Barracks Tech Lab  
  23  2:19  SCV  
  24  2:23  Marine  
  24  2:25  Marine  
  24  2:26  Stimpack  
  24  2:27  Concussive Shells  
  24  2:28  Marine  
  27  2:37  Supply Depot  
  27  2:41  Marine  
  27  2:43  Marine  
  29  2:45  Marine, SCV  
  31  2:59  Marauder  
  31  3:01  Marauder  
  31  3:03  Marine  
  36  3:07  Supply Depot  
  36  3:20  Marine  
  36  3:21  Marine, SCV  
  39  3:28  Marine  
  39  3:29  Supply Depot  
  40  3:38  Marine  
  41  3:47  Marauder, Refinery  
  44  3:55  SCV  
  44  4:07  SCV  
  44  4:09  Factory  
Tags
 
Add a new tag
Caveats
  • Supply blocks, unpowered buildings, or Contaminate may cause inaccurate times.
  • Supply counts are checked every 10 seconds.